 Dungeon Crawl Stone Soup version v1.0-3-g0d6430d (webtiles) character file.

620 TheOrbIsALie the Poker (level 7, -4/31 HPs)
             Began as a Water Sprite Understudy on Sept 23, 2018.
             Killed by divine providence
             ... invoked by an orc priest
              (12 damage)
             ... on level 4 of the Dungeon.
             The game lasted 00:04:46 (1939 turns).

TheOrbIsALie the Poker (Water Sprite Understudy)    Turns: 1939, Time: 00:04:47

Health: -4/31      AC:  9    Str: 12    XL:     7   Next: 46%
Magic:  8/8        EV:  6    Int: 14    God:
Gold:   112        SH:  5    Dex: 15    Spells: 6/6 levels left

rFire    . . .     SeeInvis +   q - +0 scythe
rCold    . . .     Gourm    .   (shield currently unavailable)
rNeg     . . .     Faith    .   m - +0 chain mail (curse)
rPois    .         Spirit   .   k - +0 helmet
rElec    .         Reflect  +   (no cloak)
rCorr    .         Harm     .   (no gloves)
MR       .....     Rnd*Tele +   (no boots)
Stlth    ..........             r - +5 amulet of reflection
HPRegen  0.10/turn              s - ring of teleportation (curse)
MPRegen  0.11/turn              (no ring)

@: very slightly contaminated, studying 2 skills, invisible, very slow
A: heal when alone, no scrolls in combat, faster in water, damage resistance,
see invisible, slowness 3
a: Fully Heal


You were on level 4 of the Dungeon.
You were not hungry.

You visited 1 branch of the dungeon, and saw 4 of its levels.

You collected 112 gold pieces.

Inventory:

Hand Weapons
 a - a +0 trident
 q - a +0 scythe (weapon)
Armour
 d - a +0 robe
 k - a +0 helmet (worn)
 m - a cursed +0 chain mail (worn)
Jewellery
 r - a +5 amulet of reflection (around neck)
 s - a cursed ring of teleportation (left hand)
Scrolls
 g - 2 scrolls of enchant weapon {unknown}
 h - 2 scrolls of blinking {unknown}
 l - 5 scrolls of identify {unknown}
 n - 2 scrolls of magic mapping {unknown}
 o - 3 scrolls of enchant armour {unknown}
Potions
 i - a potion of curing {unknown}
 j - a potion of brilliance {unknown}
 p - a potion of cancellation {unknown}
 t - a potion of mutation {unknown}
Books
 b - a manual of Crossbows
 c - a manual of Necromancy
Comestibles
 f - 7 rations


   Skills:
 + Level 3.3 Fighting
 + Level 7.8 Polearms
 + Level 2.0 Armour
 + Level 2.2 Dodging
 + Level 0.5 Stealth


You had 6 spell levels left.
You didn't know any spells.

Dungeon Overview and Level Annotations

Branches:
Dungeon (4/15)
 Temple: D:4-7

Altars:
Trog


Innate Abilities, Weirdness & Mutations

You heal instantly when no monsters are nearby.
You cannot read scrolls in the presence of monsters.
You can move somewhat faster in water.
You are resistant to damage.
You have supernaturally acute eyesight. (SInv)
You cover ground extremely slowly.


Message History

Attack whom?
Press: ? - help, Dir - move target cursor, f - orc wizard
Aim: an orc wizard, wielding a dagger and wearing a robe You reach to attack!
Your chain mail prevents you from hitting the orc wizard.
Attack whom?
Press: ? - help, Dir - move target cursor, f/p - orc wizard
Aim: an orc wizard, wielding a dagger and wearing a robe Your chain mail prevents you from hitting the orc wizard.
The orc wizard hits you with a dagger.
The orc priest looks braver for a moment.
Attack whom?
Press: ? - help, Dir - move target cursor, f/p - orc wizard
Aim: an orc wizard, wielding a dagger and wearing a robe You hit the orc wizard.
The orc wizard is lightly wounded.
The orc wizard looks braver for a moment.
The orc priest invokes the aid of Beogh against you.
Beogh smites you!
You die...

#####.### #.....†..
#........
.......#........
......#........
.....#########
##########..........
##
#........#..........
+.
#....o@..#..........
#.
#..##o##.#..........
##
$.###+##†##.###'######
.........#...........#
..##.....+...........#
#..##+###..##.#####
### #..##'### ..#
#..#....#....# ....
+..#....#....#


You could see an orc priest and an orc wizard.

Vanquished Creatures
  Sigmund (D:3)
  A sky beast (D:3)
  A howler monkey (D:2)
  A bullfrog zombie (D:3)
  A centaur skeleton (D:4)
  A hound (D:4)
  An orc wizard (D:3)
  An orc priest (D:3)
  2 worker ants (D:4)
  4 adders
  3 oozes
  3 worms
  A dart slug (D:1)
  2 leopard geckos (D:1)
  8 orcs (D:3)
  A ball python (D:4)
  2 giant cockroaches (D:1)
  6 goblins
  5 hobgoblins
  5 jackals
  A quokka (D:2)
  10 bats
  2 frilled lizards
  7 kobolds
  4 rats
74 creatures vanquished.

Vanquished Creatures (others)
  An orc (D:4)
1 creature vanquished.

Grand Total: 75 creatures vanquished

Notes
Turn   | Place    | Note
-------+----------+-------------------------------------------
     0 | D:1      | TheOrbIsALie the Water Sprite Understudy began the quest for the Orb.
     0 | D:1      | Reached XP level 1. HP: 9/9 MP: 2/2
    22 | D:1      | Reached XP level 2. HP: 6/12 MP: 3/3
    33 | D:1      | Reached skill level 5 in Polearms
    41 | D:1      | Reached skill level 1 in Dodging
   175 | D:1      | Reached XP level 3. HP: 11/15 MP: 4/4
   582 | D:2      | Reached XP level 4. HP: 15/19 MP: 5/5
   856 | D:2      | Found a bloodstained altar of Trog.
  1050 | D:3      | Reached skill level 6 in Polearms
  1058 | D:3      | Reached XP level 5. HP: 17/22 MP: 6/6
  1178 | D:3      | Noticed a sky beast
  1195 | D:3      | Killed a sky beast
  1195 | D:3      | Reached skill level 1 in Armour
  1195 | D:3      | Reached XP level 6. HP: 14/27 MP: 7/7
  1384 | D:3      | Reached skill level 7 in Polearms
  1476 | D:3      | Noticed Sigmund
  1490 | D:3      | Killed Sigmund
  1490 | D:3      | Reached XP level 7. HP: 22/30 MP: 8/8
  1939 | D:4      | Killed from afar by an orc priest

Skill      XL: |  1  2  3  4  5  6  7 |
---------------+----------------------+-----
Polearms       | 5 6 7 |  7.8
Dodging        | 1 2 |  2.2
Fighting       | 2 3 |  3.3
Armour         | 1 2 |  2.0
Stealth        | |  0.5

Action                   |  1- 3 |  4- 6 |  7- 9 || total
-------------------------+-------+-------+-------++-------
Melee: Trident           |   102 |   148 |       ||   250
       Scythe            |       |       |    57 ||    57
  Use: Potion            |       |       |     1 ||     1
  Eat: Ration            |       |     1 |       ||     1
       Chunk             |       |       |     3 ||     3
Armor: Robe              |    32 |       |       ||    32
       Chain mail        |     5 |    75 |    60 ||   140
Dodge: Dodged            |    83 |    28 |    23 ||   134
Block: Other             |       |       |    13 ||    13
       Reflection        |       |       |     1 ||     1
